 Dungeon Crawl Stone Soup version 0.31-a0-210-gccc998df9b (webtiles) character file.

Game seed: 14207387866970697211

3413 promet the Trooper (level 10, -11/53 HPs)
             Began as a Vine Stalker Fighter on June 30, 2023.
             Mangled by a two-headed ogre
             ... wielding a +0 giant club
              (15 damage)
             ... on level 8 of the Dungeon on July 1, 2023.
             The game lasted 00:39:11 (7559 turns).

promet the Trooper (Vine Stalker Fighter)           Turns: 7559, Time: 00:39:11

Health: -11/53     AC:  8    Str: 23    XL:     10   Next: 4%
Magic:  0/11       EV: 11    Int:  8    God:
Gold:   514        SH:  6    Dex: 20    Spells: 9/9 levels left

rFire   . . .        a - +0 short sword (venom)
rCold   . . .        c - +0 buckler
rNeg    . . .        l - +0 scale mail
rPois   +            d - +1 hat {SInv}
rElec   .            k - scarf of the Mind {repulsion, rPois Regen+ Stlth+}
rCorr   .            (no gloves)
SInv    +            (no boots)
Will    +....        n - amulet of regeneration
Stlth   ++           o - +6 ring of dexterity
HPRegen 2.68/turn    (no ring)
MPRegen 0.12/turn

%: repel missiles, guardian spirit
@: no status effects
A: fangs 3, regeneration 1, magic shield, antimagic bite, no potion heal 2
a: no special abilities


You were on level 8 of the Dungeon.
You visited 1 branch of the dungeon, and saw 9 of its levels.

You collected 514 gold pieces.

Inventory:

Hand Weapons
 a - a +0 short sword of venom (weapon)
 b - a +6 sling
 v - a +0 trident
 w - a +1 hammer of protection
 y - a +0 longbow
 D - a +0 war axe
Missiles
 e - 74 stones
 m - 3 poisoned darts (quivered)
 r - 5 atropa-tipped darts
Armour
 c - a +0 buckler (worn)
 d - a +1 hat of see invisible (worn)
 k - the scarf of the Mind (worn) {repulsion, rPois Regen+ Stlth+}
   (You acquired it on level 3 of the Dungeon)

   rPois:     It protects you from poison.
   Regen:     It increases your rate of health regeneration.
   Stlth:     It makes you more stealthy.
 l - a +0 scale mail (worn)
 p - a +1 cloak of preservation
Magical Staves
 g - a staff of air
 h - a staff of cold
 A - a staff of poison
Jewellery
 n - an amulet of regeneration (around neck)
 o - a +6 ring of dexterity (left hand)
Wands
 f - a wand of mindburst (8)
Scrolls
 t - a scroll of noise
 E - a scroll of identify
Potions
 i - 2 potions of lignification
 j - 2 potions of mutation {unknown}
 q - a potion of attraction
 s - a potion of curing {unknown}
 u - a potion of invisibility {unknown}
 x - a potion of cancellation {unknown}
 z - a potion of resistance {unknown}
 B - a potion of berserk rage {unknown}
 C - a potion of enlightenment {unknown}


   Skills:
 * Level 6.4 Fighting
 + Level 3.5 Short Blades
 + Level 5.4 Polearms
 + Level 4.3 Ranged Weapons
 + Level 6.1 Armour
 + Level 2.6 Dodging
 + Level 2.5 Stealth
 + Level 4.7 Shields


You had 9 spell levels left.
You didn't know any spells.
Your spell library contained the following spells:

 Spells                   Type           Power      Damage    Failure   Level
 Apportation              Tloc           0%         N/A       77%         1
 Kiss of Death            Conj/Necr      0%         2d5       77%         1
 Call Canine Familiar     Summ           0%         N/A       98%         3
 Confusing Touch          Hex            0%         N/A       98%         3
 Dazzling Flash           Conj/Hex       0%         N/A       98%         3
 Hailstorm                Conj/Ice       0%         3d3       98%         3
 Portal Projectile        Hex/Tloc       0%         N/A       98%         3
 Volatile Blastmotes      Fire/Tloc      0%         2d10      98%         3
 Dispel Undead            Necr           0%         3d6       100%        4
 Ice Form                 Ice/Tmut       0%         N/A       100%        4
 Iskenderun's Mystic Bla  Conj/Tloc      0%         2d3       100%        4
 Leda's Liquefaction      Hex/Erth       0%         N/A       100%        4
 Alistair's Intoxication  Tmut/Pois      0%         N/A       100%        5
 Simulacrum               Ice/Necr       0%         N/A       100%        6
 Starburst                Conj/Fire      0%         6d3       100%        6


Dungeon Overview and Level Annotations

Branches:
Dungeon (9/15)             Temple (0/1) D:4
   Lair: D:8-11         Orc: D:9-12

Altars:
Cheibriados
Okawaru
Uskayaw
Vehumet
Wu Jian
The Shining One
Lugonu

Shops:
D:1 *

Portals:
Abyss: D:3

Annotations:
D:3 2 runed translucent doors


Innate Abilities, Weirdness & Mutations

You have razor-sharp teeth.
Your natural rate of healing is unusually fast.
When hurt, damage is shared between your health and your magic reserves.
Your bite disrupts and absorbs the magic of your enemies.
Potions cannot restore your health.


Message History

The two-headed ogre is poisoned.
The two-headed ogre shouts in stereo!
Throw: 5 darts (poison)
Press: ? - help, Q - select action, (/) - cycle Shift-Dir - straight line, f/p - two-headed ogre
Aim: a two-headed ogre, wielding two +0 giant clubs (poisoned, 78% to hit)
You throw a poisoned dart.
The poisoned dart barely misses the two-headed ogre.
Unknown command.
Throw: 4 darts (poison)
Press: ? - help, Q - select action, (/) - cycle Shift-Dir - straight line, f/p - two-headed ogre
Aim: a two-headed ogre, wielding two +0 giant clubs (poisoned, 78% to hit)
You throw a poisoned dart.
The poisoned dart hits the two-headed ogre.
The two-headed ogre looks even sicker.
The two-headed ogre looks more healthy.
Aiming: Mindburst
Press: ? - help, Shift-Dir - straight line, f/p - two-headed ogre
Aim: a two-headed ogre, wielding two +0 giant clubs (lightly wounded, chance to affect: 47%)
The two-headed ogre's minds are blasted!
You hit the two-headed ogre.
The two-headed ogre is poisoned.
You bite the two-headed ogre, but do no damage.
The two-headed ogre is heavily wounded.
The two-headed ogre hits you with a +0 giant club.
The two-headed ogre hits you with a +0 giant club!
You hit the two-headed ogre.
The two-headed ogre looks as sick as possible!
The two-headed ogre is severely wounded.
You barely miss the two-headed ogre.
You bite the two-headed ogre, but do no damage.
The two-headed ogre is severely wounded.
The two-headed ogre hits you with a +0 giant club!! x2
* * * LOW HITPOINT WARNING * * *
Okay, then.
Okay, then.
You hit the two-headed ogre.
The two-headed ogre is severely wounded.
The two-headed ogre hits you with a +0 giant club.
* * * LOW HITPOINT WARNING * * *
The two-headed ogre hits you with a +0 giant club!
You die...

##### #...# ###...#######
##.......)...#
#........###.# #.......<#
#@# #.#....### #O#
#......## #.########
##.......####........#
####.........<..##.####.#
..............[....# #.#
.#.#...............# #.#
.#.##.>..........#.# #.(
.#.###.....##...##.# #..


You could see a two-headed ogre (extremely poisoned).

Vanquished Creatures
  Joseph (D:7)
  Prince Ribbit (D:7)
  A wyvern (D:8)
  2 steam dragons
  Menkaure (D:5)
  Duvessa (D:5)
  An ice beast (D:7)
  2 black bears (D:4)
  A sky beast (D:7)
  2 centaurs
  A phantom (D:5)
  2 bullfrogs
  7 scorpions
  4 wights
  Dowan (D:5)
  8 hounds
  4 jellies
  An orc priest (D:4)
  Crazy Yiuf (D:5)
  5 sleepcaps
  4 iguanas
  An orc wizard (D:7)
  9 adders
  A river rat (D:4)
  2 worms
  2 dart slugs
  8 orcs
  4 bats
  5 endoplasms
  6 giant cockroaches
  7 goblins
  7 hobgoblins
  6 quokkas
  7 ball pythons
  2 frilled lizards (D:2)
  12 kobolds
  4 rats
134 creatures vanquished.

Notes
Turn   | Place    | Note
-------+----------+-------------------------------------------
     0 | D:1      | promet the Vine Stalker Fighter began the quest for the
                  | Orb.
     0 | D:1      | Reached XP level 1. HP: 11/11 MP: 2/2
   270 | D:1      | Reached XP level 2. HP: 14/16 MP: 1/3
   418 | D:1      | Found a faded altar of an unknown god.
   550 | D:1      | Found Fid Ufit's Assorted Antiques.
  1156 | D:2      | Reached XP level 3. HP: 19/19 MP: 4/4
  1404 | D:2      | Reached skill level 1 in Ranged Weapons
  1625 | D:2      | Gained mutation: Your natural rate of healing is unusually
                  | fast. [Vine Stalker growth]
  1625 | D:2      | Reached XP level 4. HP: 22/24 MP: 5/5
  1862 | D:3      | Found a large runed translucent door.
  1862 | D:3      | Found a large runed translucent door.
  2037 | D:3      | Identified a scroll of acquirement
  2037 | D:3      | Acquired the scarf of the Mind {repulsion, rPois Regen+
                  | Stlth+}
  2148 | D:3      | Found a one-way gate to the infinite horrors of the Abyss.
  2640 | D:3      | Reached XP level 5. HP: 18/28 MP: 3/6
  3022 | D:3      | Found a corrupted altar of Lugonu.
  3290 | D:4      | Reached XP level 6. HP: 32/32 MP: 7/7
  3301 | D:4      | Found a staircase to the Ecumenical Temple.
  3303 | D:4      | Noticed a black bear
  3560 | D:4      | Noticed a steam dragon
  3660 | D:4      | Reached XP level 7. HP: 32/36 MP: 4/8
  3755 | D:4      | Killed a steam dragon
  3756 | D:4      | Reached skill level 1 in Dodging
  4479 | D:5      | Entered Level 5 of the Dungeon
  4533 | D:5      | Gained mutation: You have razor-sharp teeth. [Vine Stalker
                  | growth]
  4533 | D:5      | Reached XP level 8. HP: 42/42 MP: 9/9
  4573 | D:5      | Found an ornate altar of the Wu Jian Council.
  4574 | D:5      | Found a radiant altar of Vehumet.
  4574 | D:5      | Found an iron altar of Okawaru.
  4574 | D:5      | Noticed Duvessa
  4597 | D:5      | Killed Duvessa
  4618 | D:5      | Noticed Dowan
  4629 | D:5      | Killed Dowan
  4796 | D:5      | Found a runed translucent door.
  4801 | D:5      | Noticed Crazy Yiuf
  4854 | D:5      | Found a snail-covered altar of Cheibriados.
  4963 | D:5      | Reached skill level 5 in Polearms
  5213 | D:5      | Noticed Menkaure
  5221 | D:5      | Killed Menkaure
  5422 | D:5      | Killed Crazy Yiuf
  5534 | D:6      | Reached skill level 5 in Fighting
  5670 | D:6      | Reached skill level 1 in Short Blades
  5685 | D:6      | Reached XP level 9. HP: 47/47 MP: 8/10
  5786 | D:6      | Reached skill level 5 in Armour
  5809 | D:5      | Reached skill level 1 in Stealth
  6014 | D:6      | Found a hide-covered altar of Uskayaw.
  6302 | D:6      | Found a glowing golden altar of the Shining One.
  6582 | D:7      | Noticed Joseph
  6615 | D:7      | Killed Joseph
  6867 | D:7      | Noticed Prince Ribbit
  6891 | D:7      | Killed Prince Ribbit
  6927 | D:7      | You fall into a shaft and drop 2 floors!
  7500 | D:8      | Reached XP level 10. HP: 38/53 MP: 7/11
  7540 | D:8      | Noticed a two-headed ogre
  7559 | D:8      | Mangled by a two-headed ogre

Illustrated notes

Levels and vault maps discovered:
D:1:      kennysheep_arrival_forest, layout_loops_ring,
          shapermc_ecumenical_altar_starsandcircs, serial_shops, shop,
          kennysheep_another_room
D:2:      layout_loops_ring, kennysheep_minor_cross
D:3:      due_chaos_kobolds, layout_loops_corners, hellmonk_no_cap
D:4:      layout_cave_pools, minmay_temple_entry_large_hall, serial_bayou,
          serial_bayou_pond_b, serial_bayou_pond_a, serial_bayou_pond_d,
          serial_bayou_shore_a, gup_sewer_entry_spiral
D:5:      layout_basic, chequers_temple_overflow_statue_of_worship,
          uniq_duvessa, uniq_crazy_yiuf_cottage, uniq_menkaure
D:6:      layout_loops_ring, tso_oasis_becter, overflow_temple_1_default,
          minmay_misc_feat_hallway, minmay_stone_trees_small, grunt_ministairs_4
D:7:      layout_cave_pools, uniq_prince_ribbit1, uniq_joseph
D:8:      layout_loops_ring, regret_index_temple_of_mockery,
          lemuel_doored_altar, david_lair_shrubbed, uniq_psyche
D:9:      layout_basic

Skill      XL: |  1  2  3  4  5  6  7  8  9 |
---------------+----------------------------+-----
Polearms       | 2 3 4 5 |  5.4
Shields        | 3 4 |  4.7
Fighting       | 3 4 5 6 |  6.4
Ranged Weapons | 1 2 3 4 |  4.3
Armour         | 3 4 6 |  6.1
Dodging        | 1 2 |  2.6
Short Blades   | 1 3 |  3.5
Stealth        | 2 |  2.5

Action                     |  1- 3 |  4- 6 |  7- 9 | 10-12 || total
---------------------------+-------+-------+-------+-------++-------
  Melee: Trident           |    75 |    95 |    73 |       ||   243
         Bite              |    10 |    25 |   113 |     7 ||   155
         Short sword       |       |       |   214 |    10 ||   224
   Fire: Sling             |     5 |    25 |    36 |       ||    66
  Throw: Dart              |       |       |     2 |     3 ||     5
         Stone             |       |       |     3 |       ||     3
  Evoke: Wand              |       |       |       |     1 ||     1
    Use: Scroll            |       |     7 |     4 |       ||    11
         Potion            |       |     2 |     3 |       ||     5
   Stab: Sleeping          |       |       |     4 |       ||     4
 Armour: Scale mail        |    44 |    42 |    85 |     4 ||   175
  Dodge: Dodged            |    45 |    40 |   135 |     6 ||   226
         Repelled          |       |       |     2 |       ||     2
  Block: Buckler           |    11 |    31 |    82 |     5 ||   129

Table legend: (Time is in decaauts)
 A = Elapsed time spent in this place.
 B = Non-inter-level travel time spent in this place.
 C = Inter-level travel time spent in this place.
 D = Time resting spent in this place.
 E = Time spent auto-exploring this place.
 F = Levels seen in this place.
 G = Mean time per level.
                   A        B        C        D        E       F      G
               +--------+--------+--------+--------+--------+-----+--------+
         Total |   7620 |   7278 |    342 |   1285 |   3131 |   9 |  846.7 |
       Dungeon |   7620 |   7278 |    342 |   1285 |   3131 |   9 |  846.7 |
               +--------+--------+--------+--------+--------+-----+--------+

Top non-repeatable levels by time:
     D:3: 1572 daAuts
     D:4: 1149 daAuts
     D:6: 1059 daAuts
     D:2: 991 daAuts
     D:5: 968 daAuts
     D:1: 892 daAuts
     D:7: 631 daAuts
     D:8: 345 daAuts
     D:9: 9 daAuts
